 Dungeon Crawl Stone Soup version 0.25.1-2-g60ff931df9 (webtiles) character file.

Game seed: 1141508791704312949

11689 lepoulpe303 the Thaumaturge (level 11, -13/47 (48) HPs)
             Began as a Spriggan Earth Elementalist on Sept 28, 2020.
             Was an Initiate of Gozag.
             Mangled by a blink frog (15 damage)
             ... on level 2 of the Lair of Beasts on Sept 29, 2020.
             The game lasted 01:04:29 (15885 turns).

lepoulpe303 the Thaumaturge (SpEE)                 Turns: 15885, Time: 01:04:31

HP:   -13/47 (48)   AC: 10    Str:  4    XL:     11   Next: 52%
MP:   26/26         EV: 25    Int: 20    God:    Gozag
Gold: 1348          SH:  9    Dex: 17    Spells: 4/31 levels left

rFire    + . .     SeeInvis +   a - +1 short sword (elec)
rCold    . . .     Gourm    .   A - +2 buckler
rNeg     . . .     Faith    .   g - +2 robe {rF+} {rF+}
rPois    +         Spirit   .   u - +0 hat
rElec    +         Reflect  .   S - +0 cloak
rCorr    .         Harm     .   (gloves unavailable)
MR       +....                  (boots unavailable)
Stlth    ++++++....             (no amulet)
HPRegen  0.15/turn              b - ring of stealth {Stlth+}
MPRegen  0.20/turn              r - +4 ring of protection

@: invisible, very quick
A: very small, unfitting armour, rugged brown scales 1, see invisible,
herbivore, speed 3, poison resistance, electricity resistance, slow metabolism
2, MP-powered wands, sturdy frame 1
a: Potion Petition, Call Merchant, Bribe Branch, Renounce Religion


You were on level 2 of the Lair of Beasts.
You worshipped Gozag.
Gozag was most pleased with you.
You were hungry.

You visited 3 branches of the dungeon, and saw 12 of its levels.

You collected 1942 gold pieces.
You spent 552 gold pieces at shops.
You paid 42 gold pieces to Gozag.

Inventory:

Hand Weapons
 a - a +1 short sword of electrocution (weapon)
 c - a +5 short sword of protection
 K - a +0 short sword of speed
Missiles
 y - 29 poisoned darts (quivered)
 E - a throwing net {=f}
 Q - 123 stones
Armour
 g - a +2 robe of fire resistance (worn) {rF+}
 s - a +0 robe
 u - a +0 hat (worn)
 A - a +2 buckler (worn)
 S - a +0 cloak (worn)
Jewellery
 b - a ring of stealth (left hand) {Stlth+}
 r - a +4 ring of protection (right hand)
 I - an uncursed ring of protection from cold
 N - an uncursed ring of protection from cold
 T - a +6 ring of strength
 U - an uncursed ring of ice {rC+, rF-}
Wands
 D - a wand of digging (10)
 F - a wand of flame (28)
 J - a wand of disintegration (18)
 V - a wand of iceblast (5)
Scrolls
 i - 4 scrolls of identify
 j - 2 scrolls of enchant armour
 k - a scroll of fog {unknown}
 m - 2 scrolls of noise {!r}
 t - 3 scrolls of teleportation
 w - 7 scrolls of remove curse
 x - a scroll of immolation {!r}
 C - a scroll of magic mapping {!r}
 G - a scroll of amnesia
 M - 2 scrolls of vulnerability {unknown}
 O - a scroll of fear {unknown}
 P - a scroll of acquirement {unknown}
Potions
 d - 2 potions of might
 h - 2 potions of haste
 l - a potion of cancellation
 n - a potion of resistance
 o - 2 potions of curing {unknown}
 p - a potion of brilliance {unknown}
 q - 3 potions of mutation {!q}
 v - a potion of ambrosia {unknown}
 z - 5 potions of lignification {!q}
 B - a potion of heal wounds {unknown}
 H - a potion of stabbing {unknown}
 L - a potion of magic {unknown}
 R - a potion of flight {unknown}
 W - 2 potions of berserk rage {unknown}
Comestibles
 e - 6 rations


   Skills:
 + Level 6.7 Short Blades
 + Level 9.5 Dodging
 + Level 10.2 Stealth
 - Level 4.0 Shields
 * Level 10.9 Spellcasting
 - Level 1.3 Transmutations
 * Level 8.8 Earth Magic
 * Level 5.6 Poison Magic


You had 4 spell levels left.
You knew the following spells:

 Your Spells              Type           Power        Failure   Level  Hunger
a - Sandblast             Erth           #####.       1%          1    None
b - Poisonous Vapours     Pois/Air       ###...       3%          2    None
c - Petrify               Tmut/Erth      ####....     10%         4    ##.....
d - Ignite Poison         Fire/Tmut/Pois ###.....     9%          3    None
e - Mephitic Cloud        Conj/Pois/Air  ###.....     11%         3    None
f - Olgreb's Toxic Radia  Pois           ####....     8%          4    ##.....
w - Passwall              Tmut/Erth      ####....     1%          2    None
x - Stone Arrow           Conj/Erth      ####..       3%          3    None
z - Lee's Rapid Deconstr  Erth           #####.....   6%          5    ####...

Your spell library contained the following spells:

 Spells                   Type           Power        Failure   Level  Hunger
 Sting                    Tmut/Pois      ####         1%          1    None


Dungeon Overview and Level Annotations

Branches:
Dungeon (9/15)             Temple (1/1) D:4            Lair (2/6) D:8
  Snake (0/4) Lair:2          Orc (0/2) D:9
  Swamp: Lair:2-4    Shoals: Lair:2-4

Altars:
Ashenzari
Cheibriados
Dithmenos
Elyvilon
Fedhas
Gozag
Hepliaklqana
Kikubaaqudgha
Makhleb
Nemelex Xobeh
Okawaru
Qazlal
Ru
Sif Muna
Trog
Uskayaw
Vehumet
Wu Jian
Xom
Yredelemnul
Zin
The Shining One

Shops:
D:5 [   D:7 *


Innate Abilities, Weirdness & Mutations

You are very small and have problems with some larger weapons.
You are too small for most types of armour.
You have supernaturally acute eyesight. (SInv)
You are a herbivore.
You cover ground extremely quickly.
You need to consume almost no food.
You are partially covered in rugged brown scales. (AC +1, +3% HP)
Your system is resistant to poisons. (rPois)
You are resistant to electric shocks. (rElec)
You expend magic power (3 MP) to strengthen your wands.
Your movements are slightly less encumbered by armour. (ER -2)


Message History

The blink frog misses you.
You hit the blink frog.
The blink frog blinks!
You block the blink frog's attack.
You closely miss the blink frog.
The blink frog completely misses you. x2
You closely miss the blink frog. You block the blink frog's attack.
The blink frog hits you!
* * * LOW HITPOINT WARNING * * *
The blink frog blinks!
The blink frog closely misses you.
You take 12 damage, and have 19/47 hp.
MASSIVE DAMAGE!!
You hit the blink frog. The blink frog closely misses you. x2
The blink frog hits you!
* * * LOW HITPOINT WARNING * * *
You take 17 damage, and have 2/47 hp.
MASSIVE DAMAGE!!
Okay, then.
You fade into invisibility!
The blink frog misses you. The blink frog hits you!
You die...
Your body crumbles into a pile of gold.

....%............##
..................#
..F..............##
.................##
.P#...#..#.#......#
#....#.P.#$###.##
#....#.........# .P..
#...##.......P.## .....
..... #.@F...##.P# ......
##...!.F.F...#...# .......
#...........#..##
......####...#.......##.#
.............#.###.###..#
.............####.+##...#
........................#
........................##
.........................#


You could see 3 blink frogs.

Levels and vault maps discovered:
D:1:      nicolae_arrival_somewhat_less_tricky_arrival, layout_basic
D:2:      layout_rooms, marbit_many_paths, chequers_ecumenical_altar_grove,
          minivault_26, st_stairs_14
D:3:      layout_loops_ring, minitemple, first_ration, gammafunk_ghost_cemetery
D:4:      layout_loops_cross, minmay_temple_entry_junction, uniq_natasha
D:5:      layout_basic, serial_shops, shop, chequers_serial_rivers_micro_e,
          hangedman_decor_clover_reticule
D:6:      layout_gridville, tso_metal_star, minmay_starry_boxes, uniq_grinder,
          uniq_duvessa
D:7:      lemuel_bear_cage, layout_loops_ring, old_standard_altar, basic_altar,
          guppyfry_shop_venom
D:8:      layout_layer_cave, lair_entry_dummy, uniq_maurice
D:9:      layout_loops_ring, nicolae_overflow_hidden_temple, orc_0_dummy,
          uniq_erica
Temple:   eino_temple_scatter_basement
Lair:1:   layout_gridlike, nicolae_quartered_pool_super,
          infiniplex_staircase_pool_2, serial_bayou_shore_a
Lair:2:   layout_regular_city, dummy_snake_entry, infiniplex_staircase_pool,
          minmay_lair_oklob_chamber, grunt_megastairs_5, lemuel_fruit_fields

Notes
Turn   | Place    | Note
-------+----------+-------------------------------------------
     0 | D:1      | lepoulpe303 the Spriggan Earth Elementalist began the quest
                  | for the Orb.
     0 | D:1      | Reached XP level 1. HP: 9/9 MP: 5/5
    36 | D:1      | Identified a +0 short sword
   176 | D:1      | Identified a +0 whip
   443 | D:1      | Identified a +2 robe of fire resistance (You found it on
                  | level 1 of the Dungeon)
   494 | D:1      | Reached skill level 3 in Spellcasting
   494 | D:1      | Reached XP level 2. HP: 5/13 MP: 5/7
   767 | D:1      | Identified a +0 club
   778 | D:1      | Reached skill level 3 in Earth Magic
   979 | D:1      | Identified a +0 club
  1226 | D:1      | Identified a +0 whip
  1227 | D:1      | Identified a +0 dagger
  1244 | D:1      | Reached XP level 3. HP: 10/16 MP: 8/8
  1362 | D:1      | Learned a level 2 spell: Passwall
  1366 | D:1      | Learned a level 3 spell: Stone Arrow
  1413 | D:1      | Reached skill level 1 in Short Blades
  1439 | D:1      | Identified a +2 dagger of protection
  1488 | D:2      | Identified a +0 dagger
  1512 | D:2      | Identified 3 scrolls of identify
  1512 | D:2      | Identified a cursed +0 dagger (You found it on level 2 of
                  | the Dungeon)
  1544 | D:2      | Identified a +0 club
  1647 | D:2      | Identified a +0 club
  1726 | D:2      | Reached XP level 4. HP: 21/21 MP: 6/10
  1798 | D:2      | Identified a +0 club
  1928 | D:2      | Found a faded altar of an unknown god.
  2063 | D:2      | Found a hazy altar of Hepliaklqana.
  2117 | D:3      | Found a bloodstained altar of Trog.
  2124 | D:3      | Reached skill level 4 in Spellcasting
  2130 | D:3      | Found an iron altar of Okawaru.
  2159 | D:3      | Identified a +0 club
  2217 | D:3      | Reached skill level 4 in Stealth
  2217 | D:3      | Reached XP level 5. HP: 24/24 MP: 12/12
  2238 | D:3      | Identified a +0 trident
  2240 | D:3      | Identified a +0 hand axe
  2242 | D:3      | Identified a +0 mace
  2242 | D:3      | Identified a +0 leather armour
  2249 | D:3      | Identified a +0 dagger
  2254 | D:3      | Identified a +0 war axe
  2254 | D:3      | Identified a +0 chain mail
  2459 | D:3      | Identified a +0 dagger
  2459 | D:3      | Identified a +0 dagger of electrocution
  2557 | D:3      | Identified a cursed -1 leather armour
  2654 | D:3      | Identified a +0 club
  2669 | D:3      | Identified a +0 robe
  2683 | D:3      | Reached skill level 4 in Dodging
  2703 | D:3      | Identified a +0 dagger
  2704 | D:3      | Found a runed translucent gate.
  2714 | D:3      | Found a runed translucent gate.
  2714 | D:3      | Found a runed translucent gate.
  2714 | D:3      | Noticed nikku's ghost (amateur HOMo)
  2715 | D:3      | Noticed Jaiteiro's ghost (weakling HOMo)
  2730 | D:3      | Identified a cursed -1 club
  3085 | D:3      | Killed Jaiteiro's ghost
  3085 | D:3      | Reached skill level 1 in Shields
  3188 | D:3      | Identified a +0 hat (You found it on level 3 of the
                  | Dungeon)
  3247 | D:4      | Identified a cursed -3 club
  3254 | D:3      | Reached skill level 2 in Short Blades
  3254 | D:3      | Reached XP level 6. HP: 28/28 MP: 9/13
  3260 | D:3      | Learned a level 4 spell: Petrify
  3271 | D:4      | Identified a +0 buckler (You found it on level 1 of the
                  | Dungeon)
  3307 | D:4      | Found a staircase to the Ecumenical Temple.
  3314 | Temple   | Entered the Ecumenical Temple
  3481 | Temple   | Became a worshipper of Gozag Ym Sagoz the Greedy
  3567 | D:4      | Identified a +0 giant club
  3568 | D:4      | Identified a +0 giant club
  3586 | D:4      | Reached skill level 4 in Earth Magic
  3638 | D:4      | Noticed Natasha
  3653 | D:3      | Killed Natasha
  3806 | D:4      | HP: 4/28 [ogre/+0 giant club (17)]
  3809 | D:4      | Reached skill level 5 in Spellcasting
  3815 | D:4      | Reached skill level 5 in Stealth
  4037 | D:4      | Reached XP level 7. HP: 28/32 MP: 12/15
  4185 | D:4      | Identified a +0 dagger
  4185 | D:4      | Identified a +0 scale mail
  4209 | D:4      | Identified 4 potions of mutation
  4224 | D:4      | Gained mutation: Your body sometimes deteriorates upon
                  | taking damage. [potion of mutation]
  4224 | D:4      | Gained mutation: You expend magic power (3 MP) to
                  | strengthen your wands. [potion of mutation]
  4225 | D:4      | Lost mutation: Your body sometimes deteriorates upon taking
                  | damage. [potion of mutation]
  4225 | D:4      | Lost mutation: You expend magic power (3 MP) to strengthen
                  | your wands. [potion of mutation]
  4225 | D:4      | Gained mutation: Your system is resistant to poisons.
                  | (rPois) [potion of mutation]
  4225 | D:4      | Gained mutation: You evolve. [potion of mutation]
  4225 | D:4      | Gained mutation: You are partially covered in rugged brown
                  | scales. (AC +1, +3% HP) [potion of mutation]
  4225 | D:4      | Gained mutation: You are resistant to electric shocks.
                  | (rElec) [potion of mutation]
  4372 | D:4      | Identified a +0 flail
  4372 | D:4      | Identified a +0 ring mail
  4398 | D:4      | Identified a +0 short sword of speed
  4398 | D:4      | Identified a +0 leather armour
  4524 | D:3      | Found a bloodstained altar of Trog.
  4539 | D:3      | Found an iron altar of Okawaru.
  4640 | D:3      | Noticed Natasha
  4643 | D:3      | Killed Natasha
  4840 | D:3      | Noticed Natasha
  4844 | D:3      | Killed Natasha
  4844 | D:3      | Reached skill level 5 in Dodging
  4984 | D:3      | Killed nikku's ghost
  4984 | D:3      | Reached skill level 3 in Short Blades
  5294 | D:4      | Identified 2 scrolls of noise
  5295 | D:4      | Identified 2 scrolls of remove curse
  5296 | D:4      | Identified a ring of protection from cold (You found it on
                  | level 4 of the Dungeon)
  5297 | D:4      | Identified a ring of protection (You found it on level 3 of
                  | the Dungeon)
  5336 | D:5      | Entered Level 5 of the Dungeon
  5336 | D:5      | Identified a +0 club
  5336 | D:5      | Identified a +0 whip
  5336 | D:5      | Identified a +0 flail
  5337 | D:5      | Reached skill level 6 in Spellcasting
  5446 | D:5      | Identified a +0 falchion
  5446 | D:5      | Identified a +0 shortbow
  5452 | D:5      | Reached skill level 5 in Earth Magic
  5464 | D:5      | Reached skill level 2 in Shields
  5549 | D:5      | Identified a +0 spear
  5550 | D:5      | Identified a +0 club
  5551 | D:5      | Identified a +0 club
  5564 | D:5      | Reached XP level 8. HP: 37/37 MP: 14/18
  5569 | D:5      | Identified a +0 spear
  5608 | D:5      | Gained mutation: Your movements are slightly less
                  | encumbered by armour. (ER -2) [evolution]
  5918 | D:5      | Found Cooxkyu's Armour Boutique.
  6020 | D:5      | Reached skill level 6 in Stealth
  6459 | D:6      | Identified a +0 short sword
  6459 | D:6      | Identified a +0 whip
  6459 | D:6      | Identified a +0 dagger
  6459 | D:6      | Identified a +0 leather armour
  6526 | D:6      | Identified a +0 mace
  6634 | D:6      | Identified a +0 shortbow
  6662 | D:6      | Reached skill level 6 in Dodging
  6813 | D:6      | Learned a level 5 spell: Lee's Rapid Deconstruction
  6899 | D:6      | Identified a +0 dagger
  6899 | D:6      | Identified a +0 robe
  6899 | D:6      | Noticed Dowan
  6900 | D:6      | Noticed Grinder
  6949 | D:6      | Found a glowing golden altar of the Shining One.
  6963 | D:6      | Identified a +1 short sword of electrocution
  6963 | D:6      | Identified a +0 scale mail
  6963 | D:6      | Noticed Duvessa
  7059 | D:6      | Reached skill level 7 in Spellcasting
  7100 | D:6      | Identified a +0 ring mail
  7374 | D:6      | Paralysed by Grinder for 2 turns
  7380 | D:6      | Killed Grinder
  7380 | D:6      | Reached skill level 4 in Short Blades
  7380 | D:6      | Reached skill level 6 in Earth Magic
  7629 | D:6      | Killed Dowan
  7764 | D:6      | Found a glowing golden altar of the Shining One.
  7965 | D:6      | Reached skill level 7 in Stealth
  7965 | D:6      | Reached XP level 9. HP: 34/39 MP: 17/21
  8030 | D:6      | Killed Duvessa
  8279 | D:6      | Identified 2 scrolls of teleportation
  8281 | D:6      | Identified 2 scrolls of immolation
  8282 | D:6      | Identified 2 scrolls of magic mapping
  8389 | D:7      | Identified a +0 hand axe
  8389 | D:7      | Identified a +0 dagger
  8389 | D:7      | Identified a +0 leather armour
  8389 | D:7      | Identified a +0 dagger
  8400 | D:7      | Identified a +0 scale mail
  8403 | D:7      | Identified a +0 chain mail
  8403 | D:7      | Identified a +0 club
  8403 | D:7      | Identified a +0 chain mail
  8405 | D:7      | Identified a +0 dagger
  8405 | D:7      | Identified a +0 robe
  8439 | D:7      | Identified a +0 dire flail
  8439 | D:7      | Identified a +0 chain mail
  8440 | D:7      | Noticed a troll
  8629 | D:7      | Killed a troll
  8629 | D:7      | Reached skill level 8 in Spellcasting
  8721 | D:7      | Identified a +0 dagger
  8740 | D:7      | Identified a +0 short sword
  8740 | D:7      | Identified an uncursed ring of stealth
  8743 | D:7      | Reached skill level 7 in Dodging
  8743 | D:7      | Reached skill level 3 in Shields
  8744 | D:7      | Identified a +2 dagger of electrocution
  9036 | D:7      | Identified a +0 short sword
  9036 | D:7      | Identified a +0 leather armour
  9036 | D:7      | Identified a +0 club
  9036 | D:7      | Identified a +0 ring mail
  9036 | D:7      | Identified a +0 falchion
  9036 | D:7      | Identified a +0 ring mail
  9038 | D:7      | Identified a +2 vorpal war axe
  9038 | D:7      | Identified a +4 plate armour
  9160 | D:7      | Found a stormy altar of Qazlal.
  9163 | D:7      | Identified a +0 flail
  9341 | D:7      | Identified a +0 whip
  9342 | D:7      | Identified a +0 trident
  9343 | D:7      | Found a snail-covered altar of Cheibriados.
  9343 | D:7      | Identified a +1 hand axe of electrocution
  9343 | D:7      | Identified a +0 robe
  9343 | D:7      | Identified a +0 war axe
  9343 | D:7      | Identified a +0 robe
  9511 | D:7      | Reached skill level 8 in Stealth
  9517 | D:7      | Found Sefuici's Serpentskin Sales.
  9521 | D:7      | Bought the Guide on Poison for 552 gold pieces
  9524 | D:7      | Learned a level 2 spell: Poisonous Vapours
  9553 | D:7      | Found a huge runed translucent gate.
  9554 | D:7      | Found a huge runed translucent gate.
  9554 | D:7      | Noticed a polar bear
  9554 | D:7      | Noticed a polar bear
  9554 | D:7      | Noticed a polar bear
  9555 | D:7      | Found a huge runed translucent gate.
  9555 | D:7      | Noticed a polar bear
  9555 | D:7      | Noticed a death yak
  9556 | D:7      | Found a huge runed translucent gate.
  9556 | D:7      | Noticed a polar bear
  9556 | D:7      | Noticed a polar bear
  9557 | D:7      | Noticed a polar bear
  9557 | D:7      | Noticed a polar bear
  9557 | D:7      | Noticed a polar bear
  9806 | D:7      | Reached skill level 5 in Short Blades
  9806 | D:7      | Reached skill level 7 in Earth Magic
  9806 | D:7      | Reached skill level 1 in Poison Magic
 10123 | D:7      | Killed a polar bear
 10223 | D:7      | Killed a polar bear
 10223 | D:7      | Reached skill level 9 in Spellcasting
 10231 | D:7      | Killed a polar bear
 10231 | D:7      | Reached skill level 2 in Poison Magic
 10231 | D:7      | Reached XP level 10. HP: 44/44 MP: 10/24
 10440 | D:7      | Reached skill level 8 in Dodging
 10665 | D:7      | Reached skill level 3 in Poison Magic
 10975 | D:7      | Found a stormy altar of Qazlal.
 11031 | D:7      | Found a snail-covered altar of Cheibriados.
 11053 | D:7      | Reached skill level 9 in Stealth
 11075 | D:7      | Found Sefuici's Serpentskin Sales.
 11512 | D:8      | Found a staircase to the Lair.
 11590 | D:8      | Identified a +5 short sword of protection
 11590 | D:8      | Identified a +0 cloak
 11590 | D:8      | Noticed Maurice
 11658 | D:8      | Killed Maurice
 11941 | D:8      | Reached skill level 4 in Shields
 11946 | D:8      | Reached skill level 10 in Spellcasting
 11965 | D:8      | Identified a ring of strength (You found it on level 8 of
                  | the Dungeon)
 12045 | D:8      | Reached skill level 4 in Poison Magic
 12078 | D:8      | Identified a +0 falchion
 12078 | D:8      | Identified a +0 mace
 12080 | D:8      | Identified a +0 club
 12080 | D:8      | Identified a +0 chain mail
 12080 | D:8      | Identified a +2 hand axe of flaming
 12088 | D:8      | Gained mutation: You expend magic power (3 MP) to
                  | strengthen your wands. [evolution]
 12088 | D:8      | Lost mutation: You evolve. [end of evolution]
 12123 | D:8      | Identified 4 potions of lignification
 12124 | D:8      | Identified a potion of cancellation
 12125 | D:8      | Identified 3 potions of degeneration
 12127 | D:8      | Identified 2 potions of haste
 12128 | D:8      | Identified 2 potions of might
 12133 | D:8      | Learned a level 3 spell: Ignite Poison
 12137 | D:8      | Learned a level 3 spell: Mephitic Cloud
 12142 | D:8      | Learned a level 4 spell: Olgreb's Toxic Radiance
 12197 | D:8      | Reached skill level 8 in Earth Magic
 12461 | D:8      | You fall into a shaft and drop 1 floor!
 12480 | D:9      | Identified a +1 scimitar of flaming
 12480 | D:9      | Identified a +0 robe
 12480 | D:9      | Noticed Erica
 12528 | D:9      | Identified a +0 shortbow
 12530 | D:9      | HP: 6/44 [troll (14)]
 12814 | D:9      | Found a stormy altar of Qazlal.
 12833 | D:9      | Reached skill level 6 in Short Blades
 12883 | D:9      | Identified 2 potions of invisibility
 12890 | D:9      | Identified a +0 giant club
 12890 | D:9      | Identified a +0 giant club
 12890 | D:9      | Noticed a two-headed ogre
 12906 | D:9      | Killed a two-headed ogre
 12906 | D:9      | Reached XP level 11. HP: 47/47 MP: 23/26
 12987 | D:9      | Killed Erica
 12987 | D:9      | Reached skill level 9 in Dodging
 13298 | D:9      | Found a staircase to the Orcish Mines.
 13421 | D:9      | Identified a +0 whip
 13421 | D:9      | Identified a +0 leather armour
 13600 | D:9      | Reached skill level 5 in Poison Magic
 13646 | D:9      | Identified 2 scrolls of enchant armour
 13647 | D:9      | Identified 2 scrolls of amnesia
 14133 | D:8      | Identified a ring of ice (You found it on level 9 of the
                  | Dungeon)
 14137 | Lair:1   | Entered Level 1 of the Lair of Beasts
 14529 | Lair:1   | Reached skill level 10 in Stealth
 15352 | Lair:2   | HP: 6/47 [rime drake/flash freeze (21)]
 15822 | Lair:2   | Found a staircase to the Snake Pit.
 15884 | Lair:2   | HP: 2/47 [blink frog (17)]
 15885 | Lair:2   | Mangled by a blink frog

Table legend:
 A = Turns spent in this place as a percentage of turns spent in the entire game.
 B = Non-inter-level travel turns spent in this place as a percentage of non-inter-level travel turns spent in the entire game.
 C = Inter-level travel turns spent in this place as a percentage of turns spent in this place.
 D = Turns resting spent in this place as a percentage of non-inter-level travel turns spent in this place.
 E = Turns spent auto-exploring this place as a percentage of non-inter-level travel turns spent in this place.
 F = Non-inter-level travel turns spent in this place divided by the number of levels of this place that you've seen.
                   A       B       C       D       E      F
               +-------+-------+-------+-------+-------+----------------------
         Total | 100.0 | 100.0 |   3.3 |  25.1 |  46.0 | 1280.3
       Dungeon |  87.8 |  87.7 |   3.4 |  23.6 |  45.9 | 1497.3
        Temple |   1.2 |   1.1 |   8.6 |   0.0 |  90.5 | 169.0
          Lair |  11.0 |  11.2 |   1.7 |  39.7 |  42.5 | 859.5
               +-------+-------+-------+-------+-------+----------------------

Table legend:
 A = Kills in this place as a percentage of kills in entire the game.
 B = Kills by you in this place as a percentage of kills by you in the entire game.
 C = Kills by friends in this place as a percentage of kills by friends in the entire game.
 D = Other kills in this place as a percentage of other kills in the entire game.
 E = Experience gained in this place as a percentage of experience gained in the entire game.
 F = Experience gained in this place divided by the number of levels of this place that you have seen.
                   A       B       C       D       E      F
               +-------+-------+-------+-------+-------+----------------------
         Total | 100.0 | 100.0 |   N/A |   N/A | 100.0 | 1391.6
       Dungeon |  94.1 |  94.1 |   N/A |   N/A |  82.8 | 1535.7
          Lair |   5.9 |   5.9 |   N/A |   N/A |  17.2 | 1439.0
               +-------+-------+-------+-------+-------+----------------------

Skill      XL: |  1  2  3  4  5  6  7  8  9 10 11 |
---------------+----------------------------------+-----
Spellcasting   | 3 4 5 6 7 9 10 | 10.9
Earth Magic    | 3 4 5 6 7 8 |  8.8
Short Blades   | 1 2 3 4 5 6 |  6.7
Stealth        | 4 5 7 8 9 10 | 10.2
Dodging        | 4 5 6 7 8 9 |  9.5
Shields        | 1 2 3 4 |  4.0
Poison Magic   | 2 4 5 |  5.6
Transmutations | |  1.3

Action                   |  1- 3 |  4- 6 |  7- 9 | 10-12 || total
-------------------------+-------+-------+-------+-------++-------
Melee: Short sword       |    84 |       |   486 |   408 ||   978
       Dagger            |    64 |   137 |    22 |       ||   223
Throw: Dart              |       |       |    32 |    20 ||    52
       Stone             |       |       |       |     3 ||     3
 Cast: Sandblast         |    18 |    58 |    90 |    19 ||   185
       Stone Arrow       |       |     2 |    38 |     9 ||    49
       Lee's Rapid Decon |       |       |     3 |     3 ||     6
       Petrify           |       |       |     3 |     1 ||     4
       Poisonous Vapours |       |       |     2 |     2 ||     4
       Mephitic Cloud    |       |       |       |     2 ||     2
       Passwall          |       |       |       |     1 ||     1
Evoke: Wand              |       |       |       |     1 ||     1
  Use: Scroll            |     1 |       |     6 |    10 ||    17
       Potion            |       |       |     2 |     2 ||     4
 Stab: Sleeping          |    10 |    11 |    15 |    10 ||    46
       Distracted        |       |       |     5 |     4 ||     9
       Petrified         |       |       |       |     2 ||     2
       Confused          |       |       |       |     1 ||     1
       Invisible         |       |       |       |     1 ||     1
  Eat: Ration            |       |     1 |     4 |     3 ||     8
Armor: Robe              |    36 |    14 |    59 |    42 ||   151
Dodge: Dodged            |   133 |    99 |   316 |   306 ||   854
Block: Buckler           |       |       |    35 |   139 ||   174

Vanquished Creatures
  Erica (D:9)
  A two-headed ogre (D:9)
  Maurice (D:8)
  A komodo dragon (Lair:1)
  2 rime drakes (Lair:2)
  The ghost of nikku the Chopper, an amateur HOMo (D:3)
  2 trolls
  9 polar bears (D:7)
  Grinder (D:6)
  A dream sheep (D:7)
  2 hippogriffs
  2 blink frogs (Lair:2)
  5 yaks
  A hog (D:7)
  3 water moccasins
  Duvessa (D:6)
  3 porcupines (Lair:2)
  A sky beast (D:7)
  4 ice beasts
  2 orc warriors (D:7)
  3 black bears (D:7)
  2 necrophages
  2 ogres (D:4)
  A phantom (D:9)
  3 centaurs
  8 bullfrogs
  A big kobold (D:7)
  Dowan (D:6)
  3 scorpions
  The ghost of Jaiteiro the Chopper, a weakling HOMo (D:3)
  6 killer bees (D:9)
  4 howler monkeys
  A bullfrog zombie (D:7)
  3 electric eels (Lair:1)
  2 crimson imps
  A jelly (D:6)
  2 bullfrog skeletons
  7 hounds
  3 orc wizards (D:7)
  4 iguanas
  9 worker ants
  Natasha (thrice) (D:3)
  A killer bee zombie (D:5)
  A howler monkey zombie (D:2)
  13 adders
  4 gnolls (D:5)
  4 shadow imps
  2 oozes
  5 worms
  2 adder skeletons
  3 dart slugs (D:1)
  A leopard gecko (D:2)
  36 orcs
  8 giant cockroaches
  8 goblins
  14 hobgoblins
  14 jackals
  13 kobolds
  A quokka (D:2)
  8 bats
  6 frilled lizards
  11 rats
269 creatures vanquished.

Vanquished Creatures (others)
  A plant (Lair:2)
1 creature vanquished.

Grand Total: 270 creatures vanquished
